 Dungeon Crawl Stone Soup version 0.21.1-1-g345015f (webtiles) character file.

1777 theRoog the Cleaver (level 8, -2/106 HPs)
             Began as a Minotaur Berserker on Mar 19, 2018.
             Was an Elder of Trog.
             Slain by an orc warrior
             ... wielding a cursed +0 glaive
              (8 damage)
             ... on level 6 of the Dungeon.
             The game lasted 00:07:53 (4458 turns).

theRoog the Cleaver (Minotaur Berserker)            Turns: 4458, Time: 00:07:54

Health: -2/106     AC: 11    Str: 29    XL:     8   Next: 81%
Magic:  7/7        EV: 10    Int:  4    God:    Trog [****..]
Gold:   212        SH:  0    Dex: 10    Spells: 7/7 levels left

rFire    . . .     SeeInvis .   s - +0 war axe
rCold    . . .     Gourm    .   (no shield)
rNeg     . . .     Faith    .   p - +0 chain mail
rPois    +         Spirit   .   (helmet restricted)
rElec    .         Reflect  .   A - +0 cloak
rCorr    .         Harm     .   (no gloves)
MR       .....                  (no boots)
Stlth    ..........             (no amulet)
HPRegen  0.27/turn              f - ring of poison resistance
MPRegen  0.10/turn              (no ring)

@: berserking, very quick
A: retaliatory headbutt, horns 2
a: Berserk, Trog's Hand, Brothers in Arms, Burn Spellbooks, Renounce Religion


You were on level 6 of the Dungeon.
You worshipped Trog.
Trog was greatly pleased with you.
You were not hungry.

You visited 1 branch of the dungeon, and saw 6 of its levels.

You collected 212 gold pieces.

Inventory:

Hand Weapons
 a - a +0 hand axe
 r - a +2 hand axe of distortion
 s - a +0 war axe (weapon)
Armour
 b - a +0 animal skin
 k - a +0 scale mail
 p - a +0 chain mail (worn)
 A - a +0 cloak (worn)
Jewellery
 f - a ring of poison resistance (left hand)
Wands
 n - a wand of flame (24)
Scrolls
 d - 3 scrolls of remove curse
 g - a scroll of fog
 h - 2 scrolls of fear
 j - 2 scrolls of teleportation {unknown}
 l - a scroll of noise
 t - a scroll of magic mapping {unknown}
 u - 3 scrolls of enchant weapon {unknown}
 v - 2 scrolls of identify
 y - a scroll of random uselessness {unknown}
 z - a scroll of blinking
Potions
 e - 2 potions of heal wounds {unknown}
 i - 2 potions of mutation {unknown}
 m - 4 potions of curing
 o - a potion of flight
 q - a potion of degeneration {unknown}
 w - a potion of haste {unknown}
 x - a potion of berserk rage {unknown}
Comestibles
 c - 11 rations


   Skills:
 + Level 6.9 Fighting
 + Level 9.8 Axes
 + Level 6.9 Armour
 + Level 4.6 Dodging
 + Level 1.1 Stealth


You had 7 spell levels left.
You didn't know any spells.

Dungeon Overview and Level Annotations

Branches:
Dungeon (6/15)
 Temple: D:4-7

Altars:
Makhleb
Ru
Uskayaw
Zin


Innate Abilities, Weirdness & Mutations

You reflexively headbutt those who attack you in melee.
You have a pair of horns on your head.


Message History

You furiously retaliate!
You headbutt the orc warrior, but do no damage.
You see here a scale mail.
The orc closely misses you.
The orc warrior hits you from afar with a glaive!
* * * LOW HITPOINT WARNING * * *
The orc hits you with a mace.
* * * LOW HITPOINT WARNING * * *
The orc warrior barely misses you.
A red film seems to cover your vision as you go berserk!
You feel yourself moving faster!
You feel mighty!
You feel a lot more hungry. The orc hits you but does no damage.
The orc warrior hits you but does no damage.
Your chain mail prevents you from hitting the orc.
The orc is moderately wounded.
You slice the orc!!
You kill the orc!
Trog accepts your kill.
The orc warrior hits you from afar with a glaive!
You die...

#..##.....# .##
#.....##...#
...#
#####..#####...
....# ###.....##
##..
≈....###.)))#.##
#.
#........)(#.##
# #≈.....o..#))#
≈≈.....)[(..##
#.....@....#
#...........#
#..#....###..#
#. #..### #%..#
...# ##...# ..##
#.## ### ##


You could see an orc warrior.

Vanquished Creatures
  The ghost of toucherabbit the Ruffian, a novice GrBe of Trog (D:4)
  A troll (D:5)
  Sigmund (D:2)
  Duvessa (D:6)
  2 ice beasts
  A sky beast (D:5)
  Dowan (D:6)
  A vampire bat (D:5)
  3 crimson imps (D:5)
  2 hounds
  A jelly (D:5)
  An orc priest (D:6)
  2 orc wizards (D:6)
  Jessica (D:2)
  Natasha (thrice) (D:3)
  Terence (D:2)
  Robin (D:2)
  4 adders
  An adder skeleton (D:4)
  A worm (D:2)
  4 dart slugs (D:1)
  3 fire bats (D:5)
  A leopard gecko (D:3)
  21 orcs
  2 spectral bats (D:5)
  A ball python (D:1)
  3 bat skeletons (D:5)
  A bat zombie (D:5)
  3 giant cockroaches
  14 hobgoblins
  12 jackals
  8 kobolds
  A quokka (D:2)
  20 bats
  A bat simulacrum (D:5)
  6 frilled lizards
  19 goblins
  7 rats
157 creatures vanquished.

Notes
Turn   | Place    | Note
-------+----------+-------------------------------------------
     0 | D:1      | theRoog the Minotaur Berserker began the quest for the Orb.
     0 | D:1      | Reached XP level 1. HP: 19/19 MP: 0/0
   151 | D:1      | Reached skill level 4 in Axes
   151 | D:1      | Reached XP level 2. HP: 21/27 MP: 1/1
   315 | D:1      | Reached ** piety under Trog
   359 | D:1      | Reached XP level 3. HP: 27/33 MP: 2/2
   715 | D:2      | Noticed Terence
   719 | D:2      | Killed Terence
   788 | D:2      | Noticed Sigmund
   794 | D:2      | Reached XP level 4. HP: 37/41 MP: 3/3
   803 | D:2      | Killed Sigmund
   803 | D:2      | Reached skill level 5 in Fighting
   803 | D:2      | Reached skill level 6 in Axes
   803 | D:2      | Reached XP level 5. HP: 22/48 MP: 4/4
   909 | D:2      | Found a hide-covered altar of Uskayaw.
   910 | D:2      | Noticed a hand axe
   910 | D:2      | Noticed a hand axe
   976 | D:2      | Noticed Robin
  1000 | D:2      | Killed Robin
  1010 | D:2      | Reached XP level 6. HP: 26/56 MP: 5/5
  1270 | D:2      | Noticed Jessica
  1276 | D:2      | Killed Jessica
  1280 | D:2      | Reached *** piety under Trog
  1721 | D:3      | Noticed Natasha
  1726 | D:3      | Killed Natasha
  1762 | D:3      | Noticed Natasha
  1778 | D:3      | Killed Natasha
  1947 | D:3      | Noticed Natasha
  1958 | D:3      | Killed Natasha
  2493 | D:4      | Reached skill level 7 in Axes
  2535 | D:4      | Found a burning altar of Makhleb.
  2535 | D:4      | Found a sacrificial altar of Ru.
  2710 | D:4      | Noticed toucherabbit's ghost (novice GrBe)
  2720 | D:4      | Killed toucherabbit's ghost
  2720 | D:4      | Reached XP level 7. HP: 53/62 MP: 6/6
  3135 | D:5      | Entered Level 5 of the Dungeon
  3147 | D:5      | Noticed a troll
  3157 | D:5      | Killed a troll
  3157 | D:5      | Reached skill level 8 in Axes
  3157 | D:5      | Reached skill level 5 in Armour
  3158 | D:5      | Reached **** piety under Trog
  3205 | D:5      | Reached XP level 8. HP: 17/70 MP: 7/7
  3764 | D:5      | Reached skill level 1 in Stealth
  4066 | D:5      | Found a glowing silver altar of Zin.
  4075 | D:5      | Reached skill level 9 in Axes
  4265 | D:6      | Noticed Duvessa
  4265 | D:6      | Noticed Dowan
  4275 | D:6      | Killed Duvessa
  4304 | D:6      | Killed Dowan
  4458 | D:6      | Slain by an orc warrior

Skill      XL: |  1  2  3  4  5  6  7  8 |
---------------+-------------------------+-----
Axes           | 4 6 7 8 9 |  9.8
Fighting       | 4 5 6 |  6.9
Armour         | 3 4 5 6 |  6.9
Dodging        | 3 4 |  4.6
Stealth        | 1 |  1.1

Action                   |  1- 3 |  4- 6 |  7- 9 || total
-------------------------+-------+-------+-------++-------
Melee: Hand axe          |    72 |   182 |       ||   254
       Headbutt          |     9 |    25 |    19 ||    53
       War axe           |       |     8 |   105 ||   113
Invok: Burn Spellbooks   |       |     1 |       ||     1
       Berserk           |       |       |     2 ||     2
  Use: Scroll            |       |     6 |       ||     6
  Eat: Chunk             |       |     2 |     1 ||     3
       Ration            |       |     1 |     2 ||     3
Armor: Animal skin       |     5 |       |       ||     5
       Scale mail        |     1 |    56 |       ||    57
       Chain mail        |       |    20 |   102 ||   122
Dodge: Dodged            |    44 |   111 |    82 ||   237
